 Dungeon Crawl Stone Soup version 0.18.1-48-g4cf74bf (webtiles) character file.

56 Grim the Charmwright (level 3, 0/36 HPs)
             Began as a High Elf Skald on July 18, 2016.
             Slain by a worm (3 damage)
             ... on level 2 of the Dungeon.
             The game lasted 00:03:57 (2130 turns).

Grim the Charmwright (High Elf Skald)               Turns: 2130, Time: 00:03:58

Health: 0/36       AC: 21    Str: 11    XL:     3   Next: 71%
Magic:  4/7        EV:  2    Int: 16    God:
Gold:   44         SH:  0    Dex: 15    Spells: 1 memorised, 5 levels left

rFire  . . .     SeeInvis .     a - +0 falchion
rCold  . . .     Gourm    .     (armour currently unavailable)
rNeg   + + +     Faith    .     (no shield)
rPois  +         Spirit   .     (helmet currently unavailable)
rElec  .         Dismiss  .     (cloak currently unavailable)
rCorr  .         Reflect  .     (gloves currently unavailable)
SustAt .         Harm     .     (boots currently unavailable)
MR     .....     NoTele   +     (no amulet)
Stlth  +.........               (no ring)
                                (no ring)

@: tree-form, infused, not resistant to hostile enchantments, very unstealthy
A: no striking features
a: no special abilities


You were on level 2 of the Dungeon.
You were not hungry.
You were a tree.
You visited 1 branch of the dungeon, and saw 2 of its levels.

You collected 44 gold pieces.

Inventory:

Hand Weapons
 a - a +0 falchion (weapon)
Armour
 b - a +0 leather armour (melded)
Jewellery
 h - an uncursed ring of wizardry {unknown}
Scrolls
 e - a scroll of noise {unknown}
 g - a scroll of enchant armour {unknown}
 i - a scroll of remove curse {unknown}
 k - a scroll of amnesia {unknown}
 o - a scroll of identify {unknown}
Potions
 j - a potion of curing {unknown}
 m - a potion of degeneration {unknown}
Books
 c - a book of Battle

   Spells                             Type                      Level
   a - Infusion                       Charms                       1
   b - Shroud of Golubria             Charms/Translocation         2
   c - Song of Slaying                Charms                       2
   d - Spectral Weapon                Hexes/Charms                 3
   e - Regeneration                   Charms/Necromancy            3
Comestibles
 d - a bread ration
 n - 2 meat rations


   Skills:
 - Level 2.0 Fighting
 * Level 4.3 Long Blades
 - Level 0.8 Armour
 - Level 1.1 Dodging
 - Level 2.4 Spellcasting
 + Level 4.3 Charms


You had 5 spell levels left.
You knew the following spells:

 Your Spells              Type           Power        Failure   Level  Hunger
a - Infusion              Chrm           ###.         4%          1    #......


Dungeon Overview and Level Annotations

Branches:
Dungeon (2/15)

Altars:
Yredelemnul


Message History

Confirm with . or Enter, or press ? or * to list all spells.
You begin infusing your attacks with magical energy.
The jackal barely misses you. The worm bites you.
* * * LOW HITPOINT WARNING * * *
Drink which item? (? for menu, Esc to quit)
You turn into a tree.
Your +0 leather armour melds into your body.
Your roots penetrate the ground.
The jackal bites you but does no damage. x2
Drink which item? (? for menu, Esc to quit)
It was a potion of cure mutation.
It has a very clean taste.
The jackal bites you but does no damage.
A jackal comes into view.
You closely miss the jackal. The jackal completely misses you.
The jackal bites you but does no damage.
You hit the jackal.
The jackal is severely wounded.
The jackal bites you but does no damage.
The worm bites you.
You die...

##.....#......##.#.#
##.............##.#.#
#...............#.#..
#..>............#.#...
#...................#.#
#...............#.# ..
#...............#.#
#.......w.......# #
##.....♣h......##
##.....#.......#.#
#######..h......#
#..........#
#...........
#...........
#..........#
#(.........#
##.....?..##


You could see a worm and 2 jackals.

Vanquished Creatures
  An adder (D:2)
  2 worms (D:2)
  4 dart slugs
  A ball python (D:2)
  A giant cockroach (D:1)
  3 goblins (D:1)
  3 hobgoblins
  6 kobolds
  A quokka (D:2)
  5 bats
  5 giant newts
  3 rats (D:1)
35 creatures vanquished.

Notes
Turn   | Place    | Note
--------------------------------------------------------------
     0 | D:1      | Grim the High Elf Skald began the quest for the Orb.
     0 | D:1      | Reached XP level 1. HP: 14/14 MP: 4/4
   313 | D:1      | Reached XP level 2. HP: 13/19 MP: 3/6
  1360 | D:2      | Reached XP level 3. HP: 24/24 MP: 7/7
  1767 | D:2      | Found a basalt altar of Yredelemnul.
  2130 | D:2      | Slain by a worm

Skill      XL: |  1  2  3 |
---------------+----------+-----
Long Blades    | 3 4 |  4.3
Charms         | 4 |  4.3
Fighting       | |  2.0
Armour         | |  0.8
Dodging        | |  1.1
Spellcasting   | |  2.4

Action                   || total
-------------------------++-------
Melee: Falchion          ||   112
 Cast: Infusion          ||    18
  Use: Potion            ||     3
  Eat: Chunk             ||     4
Armor: Leather armour    ||    32
       Skin              ||     7
Dodge: Dodged            ||    65
